[Event "Titled Tuesday Blitz July 11 Early 2023"]
[White "Matveeva, Olga"]
[Black "Wisdom, Daren"]
[WhiteFideId "24107018"]
[BlackFideId "7400438"]
[WhiteElo "2424"]
[BlackElo "2034"]
[Result "0-1"]
[Round "2"]
[TimeControl "180+2"]
[Date "2023.07.11"]
[WhiteClock "0:00:11"]
[BlackClock "0:00:31"]
[Board "224"]

1. d4 d5 2. c4 Nc6 3. Nc3 e6 4. Nf3 Nf6 5. cxd5 exd5 6. Bg5 Be7 7. e3 O-O 8. Bd3 Bg4 9. Bxf6 Bxf6 10. Qb3 Be6 11. Qxb7 Na5 12. Qa6 c5 13. dxc5 Bxc3+ 14. bxc3 Rc8 15. Nd4 Rxc5 16. Nxe6 fxe6 17. Qxe6+ Kh8 18. O-O Rc6 19. Qh3 h6 20. Rfd1 Nb7 21. Rab1 Nc5 22. Bc2 Rcf6 23. Rd2 Qc7 24. Qg3 Qe7 25. Rxd5 Nd7 26. Rbd1 Rxf2 27. Qxf2 Rxf2 28. Kxf2 Qf6+ 29. Kg1 Qxc3 30. Bf5 Nf8 31. e4 g6 32. Rd8 Qc5+ 33. Kh1 gxf5 34. e5 Kg7 35. e6 Nxe6 36. R8d7+ Kf6 37. h3 Nf4 38. R7d6+ Kg5 39. Rd8 h5 40. Rg8+ Kh4 41. Kh2 Ne2 42. g3+ Nxg3 43. Rxg3 Qc2+ 44. Rg2 Qxd1 45. Rg1 Qd2+ 46. Rg2 Qd6+ 47. Kh1 Kxh3 48. Rf2 Qd1+ 0-1


[Site "https://www.chess.com"]

[Event "Titled Tuesday Blitz July 11 Early 2023"]
[White "Goughfather"]
[Black "Rom, Jasper"]
[BlackFideId "2023733"]
[WhiteElo "2031"]
[BlackElo "2424"]
[Result "0-1"]
[Round "2"]
[TimeControl "180+2"]
[Date "2023.07.11"]
[WhiteClock "0:00:00"]
[BlackClock "0:00:23"]
[Board "225"]

1. d4 d5 2. Nc3 e6 3. e4 Nf6 4. exd5 exd5 5. Bd3 Nc6 6. Nge2 h6 7. h3 Bd6 8. Be3 O-O 9. a3 Re8 10. O-O a6 11. Qd2 Ne4 12. Bxe4 dxe4 13. Rad1 Bf5 14. Bf4 Qd7 15. Nd5 Rad8 16. c3 Na5 17. Ne3 Bg6 18. c4 Nb3 19. Qc3 Bxf4 20. Nxf4 Nxd4 21. Ned5 c6 22. Rxd4 cxd5 23. Nxg6 fxg6 24. Rxd5 Qe7 25. Rfd1 Rxd5 26. Rxd5 Kh7 27. Qd4 Qh4 28. Rd7 Re7 29. g3 Qg5 30. h4 Qc1+ 31. Kg2 Rxd7 32. Qxd7 Qxb2 33. Qd5 e3 34. Qf3 exf2 35. Qxf2 Qxa3 36. Qc2 Qc5 37. Kh3 b5 38. Qe4 Qf5+ 39. Qxf5 gxf5 40. c5 b4 41. c6 b3 42. c7 b2 43. c8=Q b1=Q 44. Qxa6 Qe4 0-1


[Site "https://www.chess.com"]

[Event "Titled Tuesday Blitz July 11 Early 2023"]
[White "Blackwhite017"]
[Black "Mazurkiewicz, Michal"]
[BlackFideId "1124943"]
[WhiteElo "2019"]
[BlackElo "2423"]
[Result "0-1"]
[Round "2"]
[TimeControl "180+2"]
[Date "2023.07.11"]
[WhiteClock "0:00:00"]
[BlackClock "0:02:04"]
[Board "226"]

1. e4 d6 2. d4 Nf6 3. Bd3 e5 4. dxe5 dxe5 5. Nf3 Bd6 6. h3 O-O 7. O-O Nbd7 8. Bg5 Re8 9. Nc3 c6 10. Ne2 Nc5 11. Ng3 h6 12. Be3 Ne6 13. Nf5 Bf8 14. Qe2 Nf4 15. Bxf4 exf4 16. N5d4 c5 17. Nb3 Qc7 18. Nbd2 Bd7 19. Rfe1 Bc6 20. Nh4 Rad8 21. Qf1 b5 22. b3 c4 23. bxc4 Bb4 24. Rad1 Bxd2 25. Rxd2 bxc4 26. e5 Rxe5 27. Rxe5 Qxe5 0-1


[Site "https://www.chess.com"]

[Event "Titled Tuesday Blitz July 11 Early 2023"]
[White "Nikologorsky, Matfei"]
[Black "Ottosen, David"]
[WhiteFideId "24102474"]
[BlackFideId "2603080"]
[WhiteElo "2423"]
[BlackElo "2013"]
[Result "1-0"]
[Round "2"]
[TimeControl "180+2"]
[Date "2023.07.11"]
[WhiteClock "0:02:11"]
[BlackClock "0:02:18"]
[Board "227"]

1. e4 e6 2. d4 d5 3. Nd2 Be7 4. Bd3 c5 5. exd5 Qxd5 6. dxc5 Bxc5 7. Ngf3 Nf6 8. O-O Nc6 9. Qe2 O-O 10. Ne4 Nxe4 11. Bxe4 Qh5 12. c3 e5 13. Be3 Bxe3 14. Qxe3 Bg4 15. h3 Bxf3 16. Bxf3 Qf5 17. Rfe1 Rfe8 18. Rad1 Rac8 19. Bg4 1-0


[Site "https://www.chess.com"]

[Event "Titled Tuesday Blitz July 11 Early 2023"]
[White "Ismayilova, Khanim"]
[Black "Yurasova, Daria"]
[WhiteFideId "13429019"]
[BlackFideId "34146919"]
[WhiteElo "2013"]
[BlackElo "2416"]
[Result "0-1"]
[Round "2"]
[TimeControl "180+2"]
[Date "2023.07.11"]
[WhiteClock "0:00:00"]
[BlackClock "0:00:12"]
[Board "228"]

1. c4 e5 2. Nc3 Bb4 3. Nd5 Bc5 4. Nf3 c6 5. Nc3 d6 6. e3 Nf6 7. d4 exd4 8. exd4 Bb4 9. Bg5 O-O 10. Be2 h6 11. Bh4 Bf5 12. O-O Nbd7 13. Bd3 Bg4 14. h3 Bh5 15. Ne4 d5 16. Ng3 Bg6 17. Bxg6 fxg6 18. cxd5 cxd5 19. Ne2 Qb6 20. Qb3 Rae8 21. Nf4 Kh7 22. Nxd5 Nxd5 23. Qxd5 Nf6 24. Bxf6 Rxf6 25. Rad1 Rd8 26. Qe4 Re6 27. Qh4 Be7 28. Qg4 Bf6 29. d5 Red6 30. Qe4 Qxb2 31. h4 h5 32. Ng5+ Bxg5 33. hxg5 Qxa2 34. f4 Rxd5 35. Rxd5 Qxd5 36. Qe2 Qd4+ 37. Kh1 Qd2 38. Qf3 Qd3 39. Qf2 b5 40. f5 gxf5 41. Qh4 Qxf1+ 42. Kh2 g6 43. Qb4 Rd7 44. Qb3 Qc4 45. Qb1 Qf4+ 46. Kh1 Qh4+ 47. Kg1 Qxg5 48. Qe1 Qe7 49. Qc3 Qd6 0-1


[Site "https://www.chess.com"]

[Event "Titled Tuesday Blitz July 11 Early 2023"]
[White "Melikhov, Evgeny V."]
[Black "Levine, David"]
[WhiteFideId "4122046"]
[BlackFideId "2011611"]
[WhiteElo "2414"]
[BlackElo "2010"]
[Result "1-0"]
[Round "2"]
[TimeControl "180+2"]
[Date "2023.07.11"]
[WhiteClock "0:00:58"]
[BlackClock "0:00:39"]
[Board "229"]

1. d4 d5 2. c4 dxc4 3. Nf3 Nf6 4. e3 e6 5. Bxc4 a6 6. a4 Nc6 7. O-O Bd6 8. Nc3 O-O 9. h3 e5 10. dxe5 Nxe5 11. Nxe5 Bxe5 12. Qxd8 Rxd8 13. Be2 Be6 14. Rd1 Rxd1+ 15. Bxd1 Rd8 16. Bc2 c5 17. f4 Bc7 18. e4 Bc4 19. e5 Nd5 20. Nxd5 Bxd5 21. Be3 c4 22. Rd1 b5 23. axb5 axb5 24. Bc5 g5 25. g3 gxf4 26. gxf4 Kg7 27. Kf2 Rd7 28. Bf5 Rd8 29. Be7 Bb6+ 30. Kg3 Be6 31. Bxd8 Bxd8 32. Bxe6 1-0


[Site "https://www.chess.com"]

[Event "Titled Tuesday Blitz July 11 Early 2023"]
[White "Skiadopoulos, Nikolaos"]
[Black "Szyszylo, Rafal"]
[WhiteFideId "4200772"]
[BlackFideId "1109626"]
[WhiteElo "1914"]
[BlackElo "2413"]
[Result "0-1"]
[Round "2"]
[TimeControl "180+2"]
[Date "2023.07.11"]
[WhiteClock "0:00:00"]
[BlackClock "0:00:15"]
[Board "230"]

1. e4 g6 2. d4 d6 3. Be2 Nf6 4. Nc3 c6 5. a4 Nbd7 6. f4 e5 7. dxe5 dxe5 8. fxe5 Nxe5 9. Qxd8+ Kxd8 10. Bg5 Bg7 11. O-O-O+ Kc7 12. Bf4 Ng4 13. Bxg4 Bxg4 14. Nf3 Rae8 15. Rd2 Kb6 16. Nxe5 Bxe5 17. Be3+ Kc7 18. h3 Be6 19. Ne2 a5 20. Rhd1 Re7 21. Nd4 Bc8 22. Nb3 b6 23. c3 f5 24. exf5 Bxf5 25. Nd4 Be4 26. Nf3 Bxf3 27. gxf3 Rf8 28. Rf2 Bxc3 29. Bxb6+ Kxb6 30. bxc3 Re3 31. Rd7 Rxc3+ 32. Kb2 Rfxf3 33. Rxf3 Rxf3 34. Rxh7 Kc5 35. Rg7 Rg3 0-1


[Site "https://www.chess.com"]

[Event "Titled Tuesday Blitz July 11 Early 2023"]
[White "Castillo Pena, Patricia Evarista"]
[Black "Estrada Nieto, Julian"]
[WhiteFideId "6412106"]
[BlackFideId "5101018"]
[WhiteElo "1835"]
[BlackElo "2412"]
[Result "0-1"]
[Round "2"]
[TimeControl "180+2"]
[Date "2023.07.11"]
[WhiteClock "0:00:15"]
[BlackClock "0:01:13"]
[Board "231"]

1. d4 d5 2. Nf3 Nf6 3. e3 e6 4. Bd3 c5 5. b3 Nc6 6. Bb2 Bd6 7. O-O O-O 8. Nbd2 cxd4 9. exd4 Qe7 10. a3 b6 11. c4 Bb7 12. Re1 Rfd8 13. Ne5 Rac8 14. Qe2 Na5 15. b4 Nxc4 16. Ndxc4 dxc4 17. Nxc4 Nd5 18. Nxd6 Qxd6 19. Qh5 g6 20. Qg4 Qf4 21. Qxf4 Nxf4 22. Be4 Bxe4 23. Rxe4 Nd3 24. Re2 Nxb2 25. Rxb2 Rxd4 26. Kf1 Rdc4 27. Rab1 Rc2 28. a4 Kg7 29. a5 b5 30. Rb3 R8c3 31. Rxc3 Rxc3 32. Ke2 Rc4 33. Kd3 Kf6 34. g3 Ke5 35. f4+ Kd5 36. Rb2 a6 37. Ke3 Rc3+ 38. Kd2 Kc4 0-1


[Site "https://www.chess.com"]

[Event "Titled Tuesday Blitz July 11 Early 2023"]
[White "Tanmay Jain"]
[Black "Gyulamiryan-koryun"]
[WhiteFideId "45015481"]
[WhiteElo "2410"]
[BlackElo "1808"]
[Result "1-0"]
[Round "2"]
[TimeControl "180+2"]
[Date "2023.07.11"]
[WhiteClock "0:00:19"]
[BlackClock "0:00:00"]
[Board "232"]

1. e4 e5 2. Nf3 Nc6 3. Nc3 Nf6 4. d4 exd4 5. Nxd4 Bb4 6. Qd3 Bxc3+ 7. bxc3 Ne5 8. Qe2 O-O 9. g3 d5 10. Bg2 dxe4 11. O-O Re8 12. h3 c5 13. Nb5 Nf3+ 14. Kh1 a6 15. Rd1 Qb6 16. Nd6 Re6 17. Nxe4 Nxe4 18. Qxf3 Nf6 19. Bg5 h6 20. Rab1 Qc6 21. Qxc6 bxc6 22. Be3 Nd5 23. Bd2 Re2 24. c4 Nb4 25. Bxb4 cxb4 26. Rxb4 Bf5 27. Kg1 Rxc2 28. g4 Be6 29. Bxc6 Rc8 30. Bb7 R8xc4 31. Rxc4 Rxc4 32. Bxa6 Ra4 33. Rd8+ Kh7 34. Bd3+ g6 35. Kg2 Bxa2 36. Kg3 Ra3 37. f3 Be6 38. Rd6 Rc3 39. h4 Bc4 40. Be4 Be6 41. Rd8 Kg7 42. Rd6 Bb3 43. Kf4 Rc4 44. Rb6 Bc2 45. Rc6 Rxc6 46. Bxc6 f6 47. Ke3 Bd1 48. Kd4 h5 49. gxh5 gxh5 50. Ke3 Kg6 51. Kf4 Bc2 52. Be8+ Kh6 53. Bd7 Bg6 54. Bf5 Bf7 55. Be4 Be6 56. Bc6 Bb3 57. Kf5 Kg7 58. Be4 Bf7 59. Kf4 Bc4 60. Bf5 Be2 61. Ke3 Bc4 62. Kf4 Bf7 63. Be4 Bg6 64. Bd5 Bc2 65. Bc6 f5 66. Be8 Kh6 67. Ke5 f4 68. Kxf4 Bd1 69. Bc6 1-0


[Site "https://www.chess.com"]

[Event "Titled Tuesday Blitz July 11 Early 2023"]
[White "NikaVolkov"]
[Black "Nakamura, Hikaru"]
[BlackFideId "2016192"]
[WhiteElo "2692"]
[BlackElo "3226"]
[Result "0-1"]
[Round "3"]
[TimeControl "180+2"]
[Date "2023.07.11"]
[WhiteClock "0:00:00"]
[BlackClock "0:01:04"]
[Board "1"]

1. d4 a6 2. Nf3 e6 3. c4 d5 4. cxd5 exd5 5. Nc3 Nf6 6. Bf4 Bd6 7. Bg5 c6 8. e3 Bf5 9. Ne5 Nbd7 10. f4 h6 11. Bh4 Qb6 12. Qd2 Bb4 13. Nxd7 Nxd7 14. Bd3 Bxd3 15. Qxd3 Qb5 16. Ke2 Bxc3 17. bxc3 Qb2+ 18. Qd2 Qxd2+ 19. Kxd2 Nb6 20. Kd3 Na4 21. g4 Kd7 22. Rac1 Rae8 23. Rhe1 Nb2+ 24. Kc2 Nc4 25. Kd3 Re4 26. Bf2 Rhe8 27. h3 b6 28. Rc2 c5 29. Rce2 Kc6 30. Bg1 a5 31. a4 Rb8 32. Rb1 b5 33. Ra2 cxd4 34. axb5+ Rxb5 35. Rxb5 Kxb5 36. cxd4 a4 37. Bf2 a3 38. Ra1 Ka4 39. Kc3 Re8 40. Ra2 Rc8 41. e4 Nd6+ 0-1


[Site "https://www.chess.com"]

[Event "Titled Tuesday Blitz July 11 Early 2023"]
[White "Erigaisi Arjun"]
[Black "Tregubov, Pavel V."]
[WhiteFideId "35009192"]
[BlackFideId "4115341"]
[WhiteElo "3114"]
[BlackElo "2690"]
[Result "1-0"]
[Round "3"]
[TimeControl "180+2"]
[Date "2023.07.11"]
[WhiteClock "0:00:46"]
[BlackClock "0:00:01"]
[Board "2"]

1. c4 e5 2. Nc3 Nf6 3. Nf3 Nc6 4. d3 Bc5 5. Bg5 h6 6. Bh4 g5 7. Bg3 d6 8. e3 Bf5 9. a3 a5 10. Nd2 Qd7 11. h4 O-O-O 12. Qa4 Bb6 13. b4 Kb8 14. Rb1 Rhe8 15. hxg5 hxg5 16. Be2 Rh8 17. Rxh8 Rxh8 18. Qb5 Na7 19. Qxd7 Nxd7 20. Nd5 axb4 21. axb4 Nc8 22. Ne4 Bg6 23. Kd2 g4 24. Nef6 Nxf6 25. Nxf6 c6 26. c5 Bd8 27. Nxg4 f5 28. Nxe5 Kc7 29. Nxg6 1-0


[Site "https://www.chess.com"]

[Event "Titled Tuesday Blitz July 11 Early 2023"]
[White "Lorparizangeneh, Shahin"]
[Black "Firouzja, Alireza"]
[WhiteFideId "12521604"]
[BlackFideId "12573981"]
[WhiteElo "2689"]
[BlackElo "3090"]
[Result "0-1"]
[Round "3"]
[TimeControl "180+2"]
[Date "2023.07.11"]
[WhiteClock "0:00:05"]
[BlackClock "0:00:57"]
[Board "3"]

1. e4 c5 2. Nf3 d6 3. Bc4 Nc6 4. O-O Nf6 5. d3 Bg4 6. h3 Bh5 7. g4 Bg6 8. c3 e6 9. Nh2 h5 10. g5 d5 11. Bb5 Nh7 12. f4 dxe4 13. Qa4 Qb6 14. Nd2 exd3 15. Nc4 Qc7 16. Ne5 Bd6 17. Nxg6 fxg6 18. Bxd3 O-O-O 19. Qe4 Nxg5 20. Qg2 Nh7 21. Bxg6 Nf6 22. Bd2 Nd5 23. f5 exf5 24. Bxf5+ Kb8 25. Nf3 Bf4 26. Rad1 Bxd2 27. Qxd2 Qg3+ 28. Kh1 Nde7 29. Qc2 Rxd1 0-1


[Site "https://www.chess.com"]

[Event "Titled Tuesday Blitz July 11 Early 2023"]
[White "Dubov, Daniil"]
[Black "Nagare Kaivalya Sandip"]
[WhiteFideId "24126055"]
[BlackFideId "25957929"]
[WhiteElo "3080"]
[BlackElo "2683"]
[Result "1-0"]
[Round "3"]
[TimeControl "180+2"]
[Date "2023.07.11"]
[WhiteClock "0:00:05"]
[BlackClock "0:00:14"]
[Board "4"]

1. e4 c5 2. Nf3 d6 3. d4 cxd4 4. Nxd4 Nf6 5. Nc3 a6 6. a4 e5 7. Nf3 Be7 8. g3 O-O 9. Bg2 h6 10. O-O Nc6 11. Nh4 Bg4 12. Bf3 Be6 13. Nf5 Rc8 14. Re1 Re8 15. Be3 Bf8 16. g4 Kh7 17. g5 Ng8 18. gxh6 g6 19. Ng7 Bxg7 20. hxg7 Kxg7 21. Qd2 Qh4 22. Bg5 Qh3 23. Bg2 Qh5 24. Ne2 Nf6 25. Ng3 Qh7 26. Qxd6 Rh8 27. h4 Rhd8 28. Qc5 Nd7 29. Qa3 f6 30. Be3 Qxh4 31. Rad1 Rh8 32. Rd6 Qh2+ 33. Kf1 Bh3 34. Nf5+ gxf5 35. Rxd7+ Kg6 36. exf5+ Kh5 37. Bxh3 Qxh3+ 38. Ke2 Nd4+ 39. Bxd4 Qg4+ 40. Kd2 exd4 41. Rh1+ Kg5 42. Rg7+ Kxf5 43. Rxg4 Kxg4 44. Qg3+ Kf5 45. Qf3+ 1-0


[Site "https://www.chess.com"]

[Event "Titled Tuesday Blitz July 11 Early 2023"]
[White "Begmuratov, Alisher"]
[Black "Bluebaum, Matthias"]
[WhiteFideId "14203367"]
[BlackFideId "24651516"]
[WhiteElo "2682"]
[BlackElo "3055"]
[Result "0-1"]
[Round "3"]
[TimeControl "180+2"]
[Date "2023.07.11"]
[WhiteClock "0:00:04"]
[BlackClock "0:00:55"]
[Board "5"]

1. e4 e6 2. d4 d5 3. Nd2 c5 4. Ngf3 Nf6 5. exd5 Nxd5 6. Bb5+ Bd7 7. Bxd7+ Nxd7 8. O-O cxd4 9. Nxd4 Be7 10. c4 N5f6 11. b3 O-O 12. Bb2 a6 13. Qf3 Qc7 14. Rfd1 Rfd8 15. Ne4 Nxe4 16. Qxe4 Bf6 17. Rd2 Nc5 18. Qe2 e5 19. Nf5 Rxd2 20. Qxd2 Rd8 21. Qe2 Qd7 22. Ne3 Qd2 23. Re1 Qxe2 24. Rxe2 Rd3 25. g3 h5 26. Nd5 Rd1+ 27. Kg2 Nd3 28. Bc3 h4 29. gxh4 Bxh4 30. Bxe5 Bxf2 31. Rxf2 Nxe5 32. Re2 f6 33. Rc2 Kf7 34. Nf4 g5 35. Ne2 Ng4 36. Kg3 Ne3 37. Rc3 Nf5+ 38. Kf3 Rd2 39. Ng3 Nh4+ 40. Kg4 Rxh2 41. Rd3 Kg6 42. Rd6 Rg2 43. Kh3 Rxg3+ 0-1


[Site "https://www.chess.com"]

[Event "Titled Tuesday Blitz July 11 Early 2023"]
[White "Narayanan.S.L"]
[Black "Kvaloy, Aksel Bu"]
[WhiteFideId "5058422"]
[BlackFideId "1528815"]
[WhiteElo "3037"]
[BlackElo "2673"]
[Result "1-0"]
[Round "3"]
[TimeControl "180+2"]
[Date "2023.07.11"]
[WhiteClock "0:00:55"]
[BlackClock "0:00:03"]
[Board "6"]

1. Nf3 Nf6 2. g3 d5 3. Bg2 c6 4. O-O Bg4 5. Ne5 Bf5 6. c4 e6 7. Qb3 Qb6 8. d3 Bd6 9. Nf3 Qxb3 10. axb3 O-O 11. Be3 a6 12. Nc3 Nbd7 13. Nh4 Bg6 14. Nxg6 hxg6 15. Rfc1 Rac8 16. h3 Rfe8 17. Na4 Be5 18. d4 Bd6 19. Rc2 b5 20. Nc3 Ra8 21. Bg5 Rec8 22. e4 dxe4 23. Nxe4 Nxe4 24. Bxe4 bxc4 25. bxc4 Nf6 26. Bf3 Ra7 27. Be3 c5 28. dxc5 Bxc5 29. Bxc5 Rxc5 30. b4 Rc8 31. b5 e5 32. Rxa6 Rxa6 33. bxa6 e4 34. Be2 Nd7 35. c5 Ne5 36. Bb5 Nf3+ 37. Kf1 Nd4 38. Bd7 Rc7 39. Ra2 Rxc5 40. a7 Rc1+ 41. Kg2 Nf3 42. a8=Q+ Kh7 43. Qxe4 1-0


[Site "https://www.chess.com"]

[Event "Titled Tuesday Blitz July 11 Early 2023"]
[White "Schwabeneder, Florian"]
[Black "Movahed, Sina"]
[WhiteFideId "1626191"]
[BlackFideId "42520835"]
[WhiteElo "2666"]
[BlackElo "3024"]
[Result "1-0"]
[Round "3"]
[TimeControl "180+2"]
[Date "2023.07.11"]
[WhiteClock "0:00:04"]
[BlackClock "0:00:05"]
[Board "7"]

1. c4 Nf6 2. Nc3 g6 3. g3 Bg7 4. Bg2 c5 5. e3 Nc6 6. Nge2 d6 7. O-O h5 8. h3 Bd7 9. d4 Qc8 10. Kh2 Rb8 11. b3 a6 12. Bb2 O-O 13. Qc1 b5 14. cxb5 axb5 15. dxc5 dxc5 16. Nf4 c4 17. Ncd5 Qa6 18. Nxf6+ exf6 19. Nd5 Ne5 20. Bxe5 fxe5 21. bxc4 bxc4 22. Qc2 Ba4 23. Qe2 Rfd8 24. Rac1 Bd7 25. Rfd1 Be6 26. Nc7 Qb6 27. Nxe6 Rxd1 28. Rxd1 Qxe6 29. Bd5 Qf6 30. Bxc4 Rb7 31. Kg2 e4 32. Bd5 Rb2 33. Rd2 Rb4 34. Rc2 Kh7 35. Rc4 Rb2 36. Rc2 Rb1 37. Bxe4 Qa1 38. Rc7 Re1 39. Qxh5+ Kg8 40. Rc8+ Bf8 41. Qc5 Qg7 42. Bd5 Rd1 43. Qc4 Rd2 44. Rc7 Be7 45. Rxe7 Rxf2+ 46. Kxf2 Qb2+ 47. Kf3 Qf6+ 48. Ke2 Qxe7 49. Bxf7+ Kg7 50. Bd5 Qd6 51. Qd4+ Kh7 52. Qh4+ Kg7 53. Bb3 Qa6+ 54. Kf2 Qc6 55. Qd4+ Kh6 56. Qf4+ Kg7 57. e4 Qc5+ 58. Qe3 Qe5 59. h4 Qb2+ 60. Kf3 Qe5 61. Qf4 Qc3+ 62. Qe3 Qe5 63. Qd3 Qf6+ 64. Ke2 Qb2+ 65. Qd2 Qe5 66. Qd3 Qb2+ 67. Ke3 Qe5 68. Qd4 1-0


[Site "https://www.chess.com"]

[Event "Titled Tuesday Blitz July 11 Early 2023"]
[White "Kollars, Dmitrij"]
[Black "Aslanov, Umid"]
[WhiteFideId "12909572"]
[BlackFideId "13412620"]
[WhiteElo "3010"]
[BlackElo "2660"]
[Result "1-0"]
[Round "3"]
[TimeControl "180+2"]
[Date "2023.07.11"]
[WhiteClock "0:00:25"]
[BlackClock "0:00:11"]
[Board "8"]

1. e4 c5 2. Nf3 d6 3. Bb5+ Bd7 4. Bxd7+ Qxd7 5. c4 e5 6. Nc3 Ne7 7. d3 g6 8. Bg5 Bg7 9. Bxe7 Qxe7 10. Nd5 Qd8 11. b4 cxb4 12. Qa4+ Nc6 13. Nxb4 Qb6 14. Nd5 Qd8 15. Rb1 Qc8 16. O-O O-O 17. Qxc6 bxc6 18. Ne7+ Kh8 19. Nxc8 Rfxc8 20. Rb7 Kg8 21. Rfb1 d5 22. Kf1 f5 23. Ke2 dxc4 24. dxc4 Rd8 25. Ng5 Bf6 26. Nxh7 Bg7 27. exf5 gxf5 28. Ng5 Rd6 29. Rb8+ Rxb8 30. Rxb8+ Bf8 31. h4 Kg7 32. Ra8 e4 33. a4 Be7 34. Rxa7 Kf6 35. f3 exf3+ 36. Nxf3 Rd8 37. Ra6 Rd6 38. a5 Re6+ 39. Kd3 Bc5 40. Nd4 Rd6 41. Rxc6 1-0


[Site "https://www.chess.com"]

[Event "Titled Tuesday Blitz July 11 Early 2023"]
[White "Materia, Marco"]
[Black "Deac, Bogdan-Daniel"]
[WhiteFideId "45150451"]
[BlackFideId "1226380"]
[WhiteElo "2659"]
[BlackElo "2996"]
[Result "1-0"]
[Round "3"]
[TimeControl "180+2"]
[Date "2023.07.11"]
[WhiteClock "0:00:13"]
[BlackClock "0:00:04"]
[Board "9"]

1. d4 b5 2. e4 Bb7 3. Nd2 a6 4. Bd3 e6 5. Ngf3 c5 6. c3 cxd4 7. cxd4 Nf6 8. O-O Be7 9. Re1 d6 10. Nf1 O-O 11. Ng3 Re8 12. h3 Nbd7 13. Be3 g6 14. Rc1 Rc8 15. Qd2 Rxc1 16. Rxc1 Qa8 17. Ng5 Rc8 18. Rxc8+ Qxc8 19. Qe2 Qa8 20. Bd2 e5 21. d5 Nc5 22. Bb1 Qc8 23. f4 exf4 24. Bxf4 Ncd7 25. Nf3 Ne8 26. Nf1 Bf6 27. Kh2 Qd8 28. Ne3 h5 29. g4 hxg4 30. Nxg4 Bg7 31. Bg5 Nef6 32. Kg2 Qe8 33. Nxf6+ Nxf6 34. Qc2 Nh5 35. Qc7 Bxd5 36. Be7 Be6 37. Qxd6 Qc8 38. Ng5 Bxb2 39. e5 Qb7+ 40. Kh2 Bxe5+ 41. Qxe5 Qxe7 42. Nxe6 fxe6 43. Bxg6 Nf6 44. Bd3 Nd5 45. Qg3+ Kf8 46. Qf3+ Ke8 47. Bg6+ Kd8 48. Qg3 Qd7 49. h4 Qg7 50. h5 Ke7 51. Qg5+ Kd6 52. h6 Qb2+ 53. Kh3 Qc3+ 54. Kh4 Qd4+ 55. Qg4 Qf2+ 56. Kh5 Nf4+ 57. Kg5 Nxg6 58. Kxg6 Ke7 59. Qg5+ Ke8 60. h7 Qc2+ 61. Kg7 Qc7+ 62. Kh6 Qh2+ 63. Qh5+ Qxh5+ 64. Kxh5 Kf7 65. h8=Q 1-0


[Site "https://www.chess.com"]

[Event "Titled Tuesday Blitz July 11 Early 2023"]
[White "He, Anthony"]
[Black "Bobkov, Vadim"]
[WhiteFideId "2088215"]
[BlackFideId "34110876"]
[WhiteElo "2993"]
[BlackElo "2658"]
[Result "1-0"]
[Round "3"]
[TimeControl "180+2"]
[Date "2023.07.11"]
[WhiteClock "0:01:38"]
[BlackClock "0:00:00"]
[Board "10"]

1. d4 Nf6 2. Nc3 g6 3. Bf4 d6 4. e3 Bg7 5. h4 O-O 6. h5 c5 7. hxg6 hxg6 8. Nf3 cxd4 9. exd4 Bg4 10. Qd2 Nc6 11. Bh6 Nh5 12. Be2 e5 13. O-O-O exd4 14. Bxg7 Kxg7 15. Nxd4 Bxe2 16. Qxe2 Nxd4 17. Rxd4 Qg5+ 18. Kb1 Rae8 19. Qf3 Re7 20. Rxd6 1-0


[Site "https://www.chess.com"]

[Event "Titled Tuesday Blitz July 11 Early 2023"]
[White "Komov, Roman"]
[Black "Terry, Renato"]
[WhiteFideId "24175714"]
[BlackFideId "3803457"]
[WhiteElo "2657"]
[BlackElo "2989"]
[Result "0-1"]
[Round "3"]
[TimeControl "180+2"]
[Date "2023.07.11"]
[WhiteClock "0:00:00"]
[BlackClock "0:00:19"]
[Board "11"]

1. d4 e6 2. e4 d5 3. e5 c5 4. c3 Qb6 5. Nf3 Bd7 6. Bd3 cxd4 7. Nxd4 Nc6 8. Nxc6 bxc6 9. O-O c5 10. Kh1 Ne7 11. f4 Bc6 12. Nd2 g6 13. Nf3 Bg7 14. Rb1 d4 15. b4 dxc3 16. Be3 O-O 17. Bxc5 Qb7 18. Qe2 Rfd8 19. Nd4 Bd5 20. Ba6 Qc7 21. Rfc1 g5 22. Rxc3 gxf4 23. Rh3 Ng6 24. Bd6 Rxd6 25. exd6 Qxd6 26. Nf3 Rd8 27. Bc4 Bb7 28. Rh5 Ne5 29. Nxe5 Bxe5 30. Rxe5 f3 31. Rg5+ Kf8 32. gxf3 Qf4 33. Rg3 Rd2 34. Qf1 Ke7 35. Re1 Qh4 36. Rh3 Bxf3+ 37. Qxf3 Qxe1+ 38. Qf1 Qe4+ 39. Rf3 f5 40. Bb3 h5 41. h3 h4 42. Kg1 Qd4+ 43. Rf2 Rd3 44. Kh1 Qe4+ 45. Qg2 Rxh3+ 46. Kg1 Rg3 0-1


[Site "https://www.chess.com"]

[Event "Titled Tuesday Blitz July 11 Early 2023"]
[White "Kantans, Toms"]
[Black "Svane, Rasmus"]
[WhiteFideId "11602945"]
[BlackFideId "4657101"]
[WhiteElo "2657"]
[BlackElo "2963"]
[Result "1-0"]
[Round "3"]
[TimeControl "180+2"]
[Date "2023.07.11"]
[WhiteClock "0:00:03"]
[BlackClock "0:00:08"]
[Board "12"]

1. e4 c6 2. d4 d5 3. Nc3 dxe4 4. Nxe4 Nf6 5. Nxf6+ exf6 6. c3 Bd6 7. Bd3 O-O 8. Qc2 Re8+ 9. Ne2 h6 10. O-O Nd7 11. Bf4 Nf8 12. Bxd6 Qxd6 13. Rfe1 Be6 14. Ng3 g6 15. Ne4 Qd8 16. Nc5 Qc7 17. Nxe6 Rxe6 18. Bc4 Re7 19. Re2 Rae8 20. Rae1 Kg7 21. g3 f5 22. Qd2 Nh7 23. Rxe7 Rxe7 24. Rxe7 Qxe7 25. d5 cxd5 26. Bxd5 Nf6 27. Bf3 b6 28. c4 Qe5 29. b4 g5 30. Qc1 Qd4 31. c5 g4 32. Bg2 bxc5 33. bxc5 Ne8 34. c6 Nc7 35. h4 Qe5 36. Qc4 Kf6 37. a4 Ke7 38. Qd3 a5 39. Qd7+ Kf6 40. Qd8+ Kg7 41. Bf1 f4 42. gxf4 Qxf4 43. Qd3 Ne6 44. Qe3 Qd6 45. Bg2 Nd4 46. Qc3 Kg8 47. Qxa5 Ne2+ 48. Kf1 Nf4 49. Be4 Qe6 50. Qe1 Kg7 51. Qc3+ Kg8 52. Qd4 Qa2 53. Qd8+ Kg7 54. Qd4+ Kg8 55. c7 Qe6 56. Qd8+ Kg7 57. c8=Q Qxe4 58. Qc3+ Kg6 59. Qg8+ Kh5 60. Qxf7+ Kxh4 61. Qff6+ Kh5 62. Qce5+ Qxe5 63. Qxe5+ Kh4 64. Qxf4 1-0


[Site "https://www.chess.com"]

[Event "Titled Tuesday Blitz July 11 Early 2023"]
[White "Bok, Benjamin"]
[Black "Vypkhaniuk, Ihor"]
[WhiteFideId "1017063"]
[BlackFideId "14112256"]
[WhiteElo "2957"]
[BlackElo "2654"]
[Result "1-0"]
[Round "3"]
[TimeControl "180+2"]
[Date "2023.07.11"]
[WhiteClock "0:00:06"]
[BlackClock "0:00:00"]
[Board "13"]

1. d4 Nf6 2. c4 c5 3. Nf3 cxd4 4. Nxd4 Nc6 5. Nc3 g6 6. g3 Bg7 7. Bg2 O-O 8. O-O d6 9. Nxc6 bxc6 10. Bxc6 Rb8 11. Bg2 Qa5 12. Nb5 Nd7 13. Bd2 Qd8 14. Nxa7 Rxb2 15. Nc6 Qe8 16. Bg5 Nf6 17. Rb1 Rxa2 18. Rb8 Qd7 19. c5 h6 20. Bf4 Ba6 21. Rxf8+ Bxf8 22. Nb8 Qc8 23. Nxa6 Qxa6 24. cxd6 exd6 25. Re1 Qa4 26. Qxa4 Rxa4 27. Rd1 Ra6 28. h3 g5 29. Be3 Be7 30. Bd4 Ra2 31. e3 Kg7 32. Rb1 Rc2 33. Rb7 Bd8 34. Rd7 Rc1+ 35. Kh2 Rc8 36. Bd5 Kg6 37. Bxf7+ Kf5 38. Rxd6 Be7 39. g4+ Ke4 40. Re6+ Kf3 41. Rxe7 Ne4 42. Bd5 Rc2 43. Bxe4+ Kxf2 44. Bxc2 1-0


[Site "https://www.chess.com"]